 Dungeon Crawl Stone Soup version 0.31-a0-841-g038b102fc3 (webtiles) character file.

Game seed: 9494429682451915728

14 Bravepunisher the Ducker (level 2, 0/16 HPs)
             Began as a Spriggan Monk on Sept 27, 2023.
             Slain by an ufetubus (4 damage)
             ... on level 5 of the Dungeon.
             The game lasted 00:01:48 (443 turns).

Bravepunisher the Ducker (Spriggan Monk)             Turns: 443, Time: 00:01:49

Health: 0/16       AC:  2    Str:  7    XL:     2   Next: 31%
Magic:  3/3        EV: 19    Int: 11    God:
Gold:   0          SH:  0    Dex: 17    Spells: 1/1 levels left

rFire   . . .        a - +0 short sword
rCold   . . .        (no shield)
rNeg    . . .        b - +0 robe
rPois   .            (helmet restricted)
rElec   .            (no cloak)
rCorr   .            (gloves unavailable)
SInv    +            (boots unavailable)
Will    .....        (no amulet)
Stlth   ++           (no ring)
HPRegen 0.22/turn    (no ring)
MPRegen 0.08/turn

%: no passive effects
@: very quick
A: very small, no large weapons, unfitting armour, see invisible, speed 3
a: no special abilities


You were on level 5 of the Dungeon.
You visited 1 branch of the dungeon, and saw 5 of its levels.

Inventory:

Hand Weapons
 a - a +0 short sword (weapon)
Armour
 b - a +0 robe (worn)
Scrolls
 h - 2 scrolls of amnesia
Potions
 c - 2 potions of ambrosia
 d - 2 potions of haste


   Skills:
 * Level 2.9 Fighting
 - Level 3.2 Short Blades
 + Level 4.3 Dodging


You had one spell level left.
You didn't know any spells.
Your spell library was empty.

Dungeon Overview and Level Annotations

Branches:
Dungeon (5/15)
 Temple: D:4-7

Altars:

Annotations:
D:5 Ijyb


Innate Abilities, Weirdness & Mutations

You are very small and have problems with some larger weapons.
You are too small for most types of armour.
You have supernaturally acute eyesight. (SInv)
You cover ground extremely quickly. (Speed+++)


Message History

You miss the adder. The adder completely misses you.
You hit the adder.
The adder is heavily wounded.
The adder misses you.
You barely miss the adder.
The adder is moderately wounded.
The adder misses you.
You closely miss the adder.
The adder is moderately wounded.
The adder misses you.
You closely miss the adder.
The adder is moderately wounded.
The adder misses you. x2
You hit the adder.
The adder is severely wounded.
The adder misses you.
You hit the adder.
The adder is almost dead.
The adder misses you.
You hit the adder.
You kill the adder!
You have reached level 2!
You barely miss the ufetubus. The ufetubus misses you.
The ufetubus closely misses you. x2; The ufetubus misses you.
You closely miss the ufetubus. The ufetubus misses you.
The ufetubus completely misses you.
You hit the ufetubus but do no damage. The ufetubus hits you.
The ufetubus completely misses you.
You barely miss the ufetubus. The ufetubus misses you.
The ufetubus closely misses you.
You barely miss the ufetubus. The ufetubus barely misses you. x2
The ufetubus misses you. x2
You closely miss the ufetubus. The ufetubus closely misses you. x2
You closely miss the ufetubus. The ufetubus hits you.
* * * LOW HITPOINT WARNING * * *
The ufetubus completely misses you.
You closely miss the ufetubus. The ufetubus closely misses you.
The ufetubus barely misses you.
You closely miss the ufetubus. The ufetubus misses you. The ufetubus hits you.
You die...

#.................+ #
#.................# #
#.................# #
#######'###...O...# #
#......f..#.......# #
#....5....+.......#+####
##....#####........O..O.
#...f#....#######....g.
#...O5@§..# #......
#...g#§§§.# #......
#.§..#§.§.# #######
########### # # # # #
#######


You could see an ogre, a sleepcap, Ijyb and an ufetubus.

Vanquished Creatures
  An adder (D:5)
  An endoplasm (D:2)
  A ball python (D:2)
  A bat (D:1)
  2 frilled lizards (D:2)
  2 rats (D:2)
8 creatures vanquished.

Notes
Turn   | Place    | Note
-------+----------+-------------------------------------------
     0 | D:1      | Bravepunisher the Spriggan Monk began the quest for the
                  | Orb.
     0 | D:1      | Reached XP level 1. HP: 11/11 MP: 2/2
   133 | D:1      | You fall into a shaft and drop 1 floor!
   320 | D:3      | You fall into a shaft and drop 1 floor!
   321 | D:4      | Noticed an iguana
   328 | D:5      | Entered Level 5 of the Dungeon
   328 | D:5      | Noticed Ijyb
   331 | D:5      | Noticed an ogre
   409 | D:5      | Noticed a sleepcap
   435 | D:5      | Reached XP level 2. HP: 9/16 MP: 3/3
   443 | D:5      | Slain by an ufetubus

Illustrated notes

Levels and vault maps discovered:
D:1:      matt_arrival_los_fun, layout_loops_ring
D:2:      minmay_wonky_spiral, layout_rooms, minmay_misc_feat_enclosed
D:3:      layout_basic, zin_statuary, kennysheep_minor_cross
D:4:      layout_rooms, nicolae_shop_i_like_small_books_too
D:5:      layout_gridville, serial_shops, nicolae_shop_statue_plus, uniq_ijyb

Action                     || total
---------------------------++-------
  Melee: Short sword       ||    34
    Use: Scroll            ||     3
         Potion            ||     1
   Stab: Sleeping          ||     3
 Armour: Robe              ||    14
  Dodge: Dodged            ||    55

Table legend: (Time is in decaauts)
 A = Elapsed time spent in this place.
 B = Non-inter-level travel time spent in this place.
 C = Inter-level travel time spent in this place.
 D = Time resting spent in this place.
 E = Time spent auto-exploring this place.
 F = Levels seen in this place.
 G = Mean time per level.
                   A        B        C        D        E       F      G
               +--------+--------+--------+--------+--------+-----+--------+
         Total |    289 |    289 |      0 |      0 |    124 |   5 |   57.8 |
       Dungeon |    289 |    289 |      0 |      0 |    124 |   5 |   57.8 |
               +--------+--------+--------+--------+--------+-----+--------+

Top non-repeatable levels by time:
     D:2: 118 daAuts
     D:1: 85 daAuts
     D:5: 75 daAuts
     D:4: 5 daAuts
     D:3: 4 daAuts
